 Dungeon Crawl Stone Soup version 0.30-b1-5-g8e6c1be481 (webtiles) character file.

Game seed: 16062935232386996021

63312 Kranky the Warrior (level 14, -2/146 (147) HPs)
             Began as a Minotaur Berserker on May 3, 2023.
             Was a High Priest of Trog.
             Slain by a titanic slime creature (83 damage)
             ... on level 12 of the Dungeon.
             The game lasted 01:04:30 (21081 turns).

Kranky the Warrior (Minotaur Berserker)            Turns: 21081, Time: 01:04:31

HP:   -2/146 (147)  AC: 20    Str: 38    XL:     14   Next: 67%
MP:   13/13         EV: 11    Int:  4    God:    Trog [*****.]
Gold: 1283          SH: 14    Dex: 13    Spells: 13/13 levels left

rFire   . . .        A - +6 dagger "Ulamil" {venom, Will+}
rCold   . . .        U - +2 kite shield
rNeg    . . .        C - +3 plate armour
rPois   .            (helmet restricted)
rElec   .            g - +0 cloak
rCorr   .            (no gloves)
SInv    .            i - -2 pair of boots of Gehenna {Str+4 Dex+4}
Will    +++..        P - amulet of regeneration Stlth
                     B - ring of willpower
HPRegen 1.24/turn    V - +6 ring of strength
MPRegen 0.13/turn

%: no passive effects
@: lightly drained
A: horns 2, retaliatory headbutt
a: Renounce Religion, Berserk, Trog's Hand, Brothers in Arms


You were on level 12 of the Dungeon.
You worshipped Trog.
Trog was extremely pleased with you.
You visited 3 branches of the dungeon, and saw 19 of its levels.
You also visited: Sewer and Gauntlet.

You collected 1893 gold pieces.
You spent 610 gold pieces at shops.

Inventory:

Hand Weapons
 A - the +6 dagger "Ulamil" (weapon) {venom, Will+}
   (You found it on level 3 of the Dungeon)

   Will:      It increases your willpower.
 O - a +7 battleaxe
Missiles
 u - 14 javelins (quivered)
 y - 59 poisoned darts
 J - 2 throwing nets
 Q - 5 silver javelins
Armour
 g - a +0 cloak (worn)
 i - the -2 pair of boots of Gehenna (worn) {Str+4 Dex+4}
   (You bought it in a shop on level 2 of the Orcish Mines)

   Str:       It affects your strength (+4).
   Dex:       It affects your dexterity (+4).
 p - a +0 pair of boots
 C - a +3 plate armour (worn)
 U - a +2 kite shield (worn)
Jewellery
 k - an amulet of the acrobat
 B - a ring of willpower (left hand)
 E - a ring of ice
 G - an amulet of reflection
 P - an amulet of regeneration (around neck)
 R - a ring of resist corrosion
 S - a ring of see invisible
 V - a +6 ring of strength (right hand)
 X - a ring of fire
Wands
 b - a wand of mindburst (3)
 n - a wand of iceblast (7)
 o - a wand of charming (14)
 F - a wand of digging (3)
 K - a wand of polymorph (6)
 M - a wand of flame (27)
Scrolls
 a - a scroll of blinking
 c - 8 scrolls of teleportation
 j - 2 scrolls of brand weapon
 m - 4 scrolls of enchant armour
 q - 3 scrolls of fear
 s - 5 scrolls of fog
 H - 2 scrolls of magic mapping
 I - 5 scrolls of identify
 L - 3 scrolls of enchant weapon
 N - 3 scrolls of poison
Potions
 d - 3 potions of berserk rage
 e - a potion of heal wounds
 f - 6 potions of flight
 h - 3 potions of resistance
 t - 3 potions of cancellation
 v - 3 potions of haste
 w - a potion of magic
 x - 2 potions of invisibility
 z - 2 potions of might
 D - 18 potions of curing
 T - 2 potions of ambrosia
Miscellaneous
 Y - a phial of floods


   Skills:
 + Level 19.9 Fighting
 - Level 10.0 Short Blades
 - Level 6.2 Polearms
 - Level 14.5 Armour
 - Level 6.0 Dodging
 - Level 12.0 Shields
 - Level 6.0 Evocations


You had 13 spell levels left.
You didn't know any spells.
Your spell library was empty.

Dungeon Overview and Level Annotations

Branches:
Dungeon (12/15)            Temple (0/1) D:7            Lair (5/5) D:11
 Shoals (0/4) Lair:3       Spider (0/4) Lair:2        Slime (0/5) Lair:5
    Orc (2/2) D:10            Elf (0/3) Orc:2         Sewer (visited)
Gauntlet (visited)

Altars:
Elyvilon
Fedhas
Hepliaklqana
Okawaru
Qazlal
Trog
Wu Jian
Xom
Jiyva

Shops:
D:2 [   D:10 ?   Orc:2 **:***


Innate Abilities, Weirdness & Mutations

You have a pair of horns on your head.
You reflexively headbutt those who attack you in melee.


Message History

You closely miss the yak.
The yak is almost dead.
You kill the yak!
Trog accepts your kill.
You hit the yak.
The yak is lightly wounded.
You hit the yak but do no damage.
The yak is poisoned.
The yak is lightly wounded.
A very large slime creature splits.
The yak barely misses you.
Two slime creatures merge to form a very large slime creature.
You puncture the yak!
The yak looks as sick as possible!
You headbutt the yak!
The yak is heavily wounded.
You puncture the yak!
The yak looks as sick as possible!
Your headbutt misses the yak.
The yak is severely wounded.
You block the yak's attack.
You hit the yak.
The yak looks as sick as possible!
Your headbutt misses the yak.
The yak is almost dead.
You hit the yak but do no damage.
The yak looks as sick as possible!
You headbutt the yak.
The yak is almost dead.
You kill the yak!
Trog accepts your kill.
Two slime creatures merge to form an enormous slime creature.
Two slime creatures merge to form a titanic slime creature.
The titanic slime creature attacks as you move away!
You block the titanic slime creature's attack.
There is an open door here.
The yak attacks as you move away! You block the yak's attack.
The titanic slime creature attacks as you move away!
You block the titanic slime creature's attack.
The titanic slime creature attacks as you move away!
The titanic slime creature hits you!!!
The titanic slime creature attacks as you move away!
You block the titanic slime creature's attack.
The titanic slime creature attacks as you move away!
The titanic slime creature hits you!!!!
Ouch! That really hurt!
You die...

.....# #.....+...#
.....# #.....#...#
.....# .#.....'..##
.....#..)#....##..#
.....#...#....#...#
.....#...#....#...#
#'####...#....#.Y.#
.........#....#.J.#
.........#....#.@.#
.........#....#...#
###......#....#...#
#......######...#
####............#####
#................#
#................#
#...........######
#.#####.....#


You could see a titanic slime creature and a yak.

Vanquished Creatures
  An orc warlord (D:10)
  A minotaur (Gauntlet)
  Snorg (Lair:4)
  A catoblepas (Lair:2)
  A boulder beetle (D:11)
  3 two-headed ogres
  A death scarab (Gauntlet)
  An orc high priest (Orc:2)
  12 death yaks
  The ghost of Pdiddy the Blocker, a novice MiFi of Vehumet (D:7)
  Amaemon (Lair:2)
  A skyshark (Lair:2)
  A sixfirhy (Gauntlet)
  4 orc knights (Orc:2)
  A deep elf pyromancer (D:7)
  3 manticores
  An ugly thing (D:11)
  2 wolf spiders (Lair:5)
  3 orc sorcerers
  8 elephants (Lair:3)
  A guardian serpent (Lair:5)
  19 cane toads
  11 black mambas
  4 orange demons
  A minotaur zombie (Gauntlet)
  2 gargoyles
  Maggie (D:8)
  An unseen horror (D:10)
  7 komodo dragons
  A rime drake (Lair:4)
  5 trolls
  3 hornets
  Prince Ribbit (Lair:3)
  9 blink frogs
  A spectral black mamba (Gauntlet)
  2 shadows
  A culicivora (Lair:2)
  2 centaur simulacra (D:10)
  2 water elementals (D:11)
  A vampire (D:11)
  37 yaks
  11 wyverns
  5 small abominations (Gauntlet)
  A steam dragon (D:9)
  2 basilisks
  A redback (Lair:5)
  4 wargs
  An acid dragon (D:12)
  12 water moccasins
  A meliai simulacrum (D:10)
  34 orc warriors
  A large abomination (Gauntlet)
  An ice beast (D:8)
  2 wolves (D:11)
  7 ogres
  12 centaurs
  3 kobold brigands
  2 phantoms
  5 bullfrogs
  9 scorpions
  5 wights (D:8)
  8 killer bees
  4 electric eels (D:11)
  4 howler monkeys
  15 orc priests
  10 hounds
  A gnoll bouda (D:6)
  3 iguanas
  3 jellies (Sewer)
  A sleepcap (D:6)
  Jessica (D:2)
  8 hell rats
  18 orc wizards
  11 gnolls (D:6)
  11 adders
  A river rat (Sewer)
  A shadow imp (D:6)
  A white imp (D:6)
  2 ufetubi (Gauntlet)
  A worm (D:2)
  75 orcs
  8 endoplasms
  7 giant cockroaches
  10 goblins
  6 hobgoblins
  9 jackals
  2 quokkas
  13 ball pythons
  4 bats
  11 frilled lizards
  14 kobolds
  9 rats
551 creatures vanquished.

Vanquished Creatures (collateral kills)
  The ghost of Fractals the Thaumaturge, a journeyman GnWr of Gozag (D:10)
  Nergalle (Orc:2)
  2 large abominations (Gauntlet)
  A centaur simulacrum (D:10)
  A warg (Orc:2)
  An orc (Orc:2)
7 creatures vanquished.

Vanquished Creatures (others)
  An orc priest (Orc:1)
  An orc (Orc:1)
  33 fungi
  67 plants
102 creatures vanquished.

Grand Total: 660 creatures vanquished

Notes
Turn   | Place    | Note
-------+----------+-------------------------------------------
     0 | D:1      | Kranky the Minotaur Berserker began the quest for the Orb.
     0 | D:1      | Reached XP level 1. HP: 19/19 MP: 0/0
   298 | D:1      | Reached XP level 2. HP: 27/27 MP: 1/1
   845 | D:2      | Reached skill level 4 in Fighting
   977 | D:2      | Reached XP level 3. HP: 32/33 MP: 2/2
  1029 | D:2      | Found Miteliv's Antique Armour Shop.
  1139 | D:2      | Noticed Jessica
  1144 | D:2      | Killed Jessica
  1158 | D:2      | Reached ** piety under Trog
  1166 | D:2      | Found a faded altar of an unknown god.
  1258 | D:2      | Reached XP level 4. HP: 25/41 MP: 3/3
  1384 | D:2      | Reached skill level 5 in Polearms
  2032 | D:3      | Found a glowing drain.
  2046 | Sewer    | Entered a sewer
  2131 | Sewer    | Reached XP level 5. HP: 47/47 MP: 4/4
  2175 | Sewer    | Reached *** piety under Trog
  2378 | Sewer    | Found a viscous altar of Jiyva.
  2432 | Sewer    | Reached XP level 6. HP: 52/55 MP: 5/5
  2482 | D:3      | Identified the +6 dagger "Ulamil" {venom, Will+}
  2611 | D:3      | Found an iron altar of Okawaru.
  2965 | D:4      | Reached skill level 5 in Fighting
  3021 | D:4      | Reached skill level 1 in Short Blades
  3216 | D:4      | Reached XP level 7. HP: 40/61 MP: 6/6
  3223 | D:4      | Reached skill level 5 in Armour
  3452 | D:4      | Found an ornate altar of the Wu Jian Council.
  3495 | D:4      | Reached **** piety under Trog
  3716 | D:5      | Entered Level 5 of the Dungeon
  4185 | D:5      | Reached skill level 5 in Short Blades
  4328 | D:5      | Reached XP level 8. HP: 66/70 MP: 7/7
  4369 | D:5      | Reached skill level 6 in Fighting
  4872 | D:6      | Found a shimmering altar of Xom.
  5230 | D:6      | Found a stormy altar of Qazlal.
  5272 | D:6      | Found a white marble altar of Elyvilon.
  5665 | D:6      | Found a bloodstained altar of Trog.
  5704 | D:6      | Found a blossoming altar of Fedhas.
  6091 | D:7      | Found a staircase to the Ecumenical Temple.
  6562 | D:8      | Found a runed translucent gate.
  6562 | D:8      | Found a runed translucent gate.
  6563 | D:8      | Noticed a manticore
  6569 | D:8      | Found a runed translucent gate.
  6569 | D:8      | Noticed a hornet
  6570 | D:8      | Noticed Pdiddy's ghost (novice MiFi)
  6571 | D:8      | Noticed a deep elf pyromancer
  6608 | D:8      | Reached XP level 9. HP: 78/78 MP: 8/8
  6652 | D:8      | Found a hazy altar of Hepliaklqana.
  7151 | D:8      | Reached skill level 7 in Fighting
  7264 | D:8      | Noticed Maggie
  7281 | D:8      | Killed Maggie
  8188 | D:9      | Reached ***** piety under Trog
  8428 | D:10     | Entered Level 10 of the Dungeon
  8439 | D:10     | Found a staircase to the Orcish Mines.
  8550 | D:10     | Noticed a two-headed ogre
  8563 | D:10     | Killed a two-headed ogre
  8564 | D:10     | Reached skill level 10 in Short Blades
  8564 | D:10     | Reached skill level 10 in Armour
  8564 | D:10     | Reached XP level 10. HP: 88/88 MP: 9/9
  8741 | D:10     | Reached skill level 8 in Fighting
  8763 | D:10     | Found a runed translucent gate.
  8765 | D:10     | Found a runed translucent gate.
  8765 | D:10     | Found a runed translucent gate.
  8786 | D:10     | Noticed a two-headed ogre
  8797 | D:10     | Killed a two-headed ogre
  9217 | D:10     | Noticed Fractals's ghost (journeyman GnWr)
  9238 | D:10     | Found Tetiehi's Magic Scroll Shoppe.
  9241 | D:10     | Bought a scroll of poison for 60 gold pieces
  9241 | D:10     | Bought a scroll of brand weapon for 142 gold pieces
  9241 | D:10     | Bought a scroll of identify for 30 gold pieces
  9241 | D:10     | Bought a scroll of magic mapping for 112 gold pieces
  9421 | D:11     | Noticed a purple ugly thing
  9437 | D:11     | Killed a purple ugly thing
  9438 | D:11     | Reached skill level 1 in Evocations
  9528 | D:11     | Found a staircase to the Lair.
  9999 | D:11     | Reached skill level 9 in Fighting
 10410 | D:11     | Noticed a boulder beetle
 10431 | D:11     | Killed a boulder beetle
 10432 | D:11     | Reached XP level 11. HP: 86/97 MP: 10/10
 10754 | Lair:1   | Entered Level 1 of the Lair of Beasts
 10807 | Lair:1   | Received a gift from Trog
 11076 | Lair:1   | You fall into a shaft and drop 1 floor!
 11088 | Lair:2   | Found a hole to the Spider Nest.
 11372 | Lair:1   | Reached skill level 10 in Fighting
 11816 | Lair:2   | Noticed a catoblepas
 11836 | Lair:2   | Reached skill level 1 in Shields
 11836 | Lair:2   | Noticed Amaemon
 11842 | Lair:2   | Noticed a skyshark
 12016 | Lair:2   | Killed a skyshark
 12056 | Lair:2   | Killed a catoblepas
 12057 | Lair:2   | Reached skill level 5 in Evocations
 12118 | Lair:2   | Reached skill level 11 in Fighting
 12419 | Lair:2   | Reached XP level 12. HP: 110/110 MP: 11/11
 12566 | Lair:2   | Killed Amaemon
 12994 | Lair:3   | Found the +5 robe of Night {Dark Will+ SInv}
 13114 | Lair:3   | Reached skill level 5 in Shields
 13239 | Lair:3   | Reached skill level 12 in Fighting
 13609 | Lair:3   | Noticed a death yak
 13610 | Lair:3   | Noticed a death yak
 13610 | Lair:3   | Noticed a death yak
 13611 | Lair:3   | Noticed a death yak
 13611 | Lair:3   | Noticed a death yak
 13611 | Lair:3   | Noticed a death yak
 13655 | Lair:2   | Killed a death yak
 13758 | Lair:3   | Found a staircase to the Shoals.
 13820 | Lair:3   | Noticed Prince Ribbit
 13839 | Lair:3   | Killed Prince Ribbit
 13999 | Lair:3   | Killed a death yak
 14020 | Lair:3   | Killed a death yak
 14036 | Lair:3   | Killed a death yak
 14037 | Lair:3   | Reached skill level 13 in Fighting
 14054 | Lair:3   | Killed a death yak
 14075 | Lair:3   | Killed a death yak
 14076 | Lair:3   | Reached skill level 5 in Dodging
 14610 | Lair:4   | Noticed Snorg
 14644 | Lair:4   | Killed Snorg
 14645 | Lair:4   | Reached skill level 10 in Shields
 14645 | Lair:4   | Reached XP level 13. HP: 23/122 MP: 12/12
 15294 | Lair:5   | Entered Level 5 of the Lair of Beasts
 15628 | Lair:5   | Reached skill level 14 in Fighting
 15677 | Lair:5   | Found a gate leading to a gauntlet.
 15692 | Gauntlet | Entered a Gauntlet
 15692 | Gauntlet | Found a transporter.
 15692 | Gauntlet | Found a transporter.
 15692 | Gauntlet | Found a transporter.
 15710 | Gauntlet | Found a transporter.
 15711 | Gauntlet | Found a transporter.
 15714 | Gauntlet | Found a transporter.
 15722 | Gauntlet | Found a transporter.
 15723 | Gauntlet | Found a transporter.
 15725 | Gauntlet | Found a transporter.
 15725 | Gauntlet | Found a transporter.
 15733 | Gauntlet | Found a transporter.
 15734 | Gauntlet | Found a transporter.
 16111 | Gauntlet | Identified the +2 helmet of the Doldrums {rF+}
 16137 | Gauntlet | Reached ****** piety under Trog
 16183 | Gauntlet | Reached skill level 15 in Fighting
 16221 | Gauntlet | Identified the amulet of Wiopn {RegenMP Slay+2}
 16239 | Gauntlet | Noticed a minotaur
 16250 | Gauntlet | Killed a minotaur
 16602 | Lair:5   | Reached skill level 16 in Fighting
 16671 | Lair:5   | Identified the +5 glaive "Suzoy" {flame, +Blink Fly Str+3}
                  | (Trog gifted it to you on level 5 of the Lair of Beasts)
 16671 | Lair:5   | Received a gift from Trog
 17404 | Lair:5   | Reached skill level 17 in Fighting
 17408 | Lair:5   | Reached XP level 14. HP: 114/140 MP: 13/13
 17592 | Lair:5   | Found a viscous altar of Jiyva.
 17600 | Lair:5   | Found a staircase to the Slime Pits.
 17830 | Orc:1    | Entered Level 1 of the Orcish Mines
 17840 | Orc:1    | Noticed an orc warlord
 17903 | D:10     | Killed an orc warlord
 18528 | Orc:2    | Entered Level 2 of the Orcish Mines
 18817 | Orc:2    | Reached skill level 18 in Fighting
 18893 | Orc:2    | Found a staircase to the Elven Halls.
 18923 | Orc:2    | Received a gift from Trog
 19409 | Orc:2    | Found Amug's Specific Store.
 19429 | Orc:2    | Found Wetajol's General Store.
 19653 | Orc:2    | Found Qifrakli's Assorted Antiques.
 19653 | Orc:2    | Found Failac's Book Shop.
 19655 | Orc:2    | Found Ynae's General Store.
 19661 | Orc:2    | Found Fuokeab's General Store.
 19677 | Orc:2    | Bought a pair of translucent boots for 266 gold pieces
 19677 | Orc:2    | Identified the -2 pair of boots of Gehenna {Str+4 Dex+4}
                  | (You bought it in a shop on level 2 of the Orcish Mines)
 19818 | Orc:1    | Noticed Nergalle
 19862 | Orc:2    | Killed Nergalle
 20203 | D:10     | Reached skill level 19 in Fighting
 20244 | D:10     | Killed Fractals's ghost
 20585 | D:7      | Killed Pdiddy's ghost
 20585 | D:7      | Received a gift from Trog
 21081 | D:12     | Slain by a titanic slime creature

Illustrated notes

Levels and vault maps discovered:
D:1:      roderic_octagonal_star, layout_basic
D:2:      layout_loops_ring, shapermc_ecumenical_altar_acropolis, serial_shops,
          shop, serial_bayou, serial_bayou_lake_a, serial_bayou_lagoon_b,
          serial_bayou_pond_d, serial_bayou_lagoon_a, serial_bayou_pond_a,
          serial_bayou_pond_e, kennysheep_generic_room_7, uniq_jessica
D:3:      layout_basic, okawaru_trees_2, cheibrodos_sewer_entry_drain
D:4:      minmay_opposing_rooms, layout_cave_pools,
          pdpol_wu_jian_five_deadly_venoms
D:5:      layout_cave_pools, minmay_misc_feat_roman
D:6:      layout_cave_pools, trog_three_pillars_becter,
          mainiacjoe_overflow_paths, marbit_many_paths,
          mainiacjoe_overflow_two_lobes, nicolae_underground_beach
D:7:      layout_basic, minmay_temple_entry_tees
D:8:      layout_loops_ring, nzn_hepliaklqana_mist_gate, gammafunk_ghost_split,
          grunt_decor_resistance, uniq_maggie
D:9:      layout_irregular_city
D:10:     layout_basic, orc_0_dummy, gammafunk_ghost_necromancy, serial_shops,
          nicolae_shop_rolled_up
D:11:     layout_grid_maze, erik_lair_island
D:12:     layout_irregular_city, einodemon_barbed_minivault
Lair:1:   layout_roguey
Lair:2:   layout_cave_pods, spider_nest_entry_rubble, uniq_amaemon
Lair:3:   layout_roguey, elwin_shoals_entry_rooms, lemuel_fruit_tree,
          uniq_prince_ribbit2
Lair:4:   layout_hall_layers, grunt_megastairs_1, uniq_snorg
Lair:5:   hangedman_lair_tendril_chambers, layout_regular_city,
          dpeg_slime_entry_corner, gauntlet_entry_generic
Orc:1:    layout_caves, uniq_nergalle
Orc:2:    st_orc_rangers, layout_caves, nicolae_specific_store

Skill      XL: |  1  2  3  4  5  6  7  8  9 10 11 12 13 14 |
---------------+-------------------------------------------+-----
Polearms       | 4 5 6 |  6.2
Fighting       | 4 5 6 7 9 11 13 17 19 | 19.9
Armour         | 3 4 5 7 10 12 14 | 14.5
Short Blades   | 2 5 7 10 | 10.0
Dodging        | 3 4 5 6 |  6.0
Evocations     | 2 5 6 |  6.0
Shields        | 3 10 12 | 12.0

Action                     |  1- 3 |  4- 6 |  7- 9 | 10-12 | 13-15 || total
---------------------------+-------+-------+-------+-------+-------++-------
  Melee: Spear             |    89 |   143 |       |       |       ||   232
         Headbutt          |     9 |    27 |    75 |   273 |   394 ||   778
         Dagger            |       |    43 |   382 |   957 |  1423 ||  2805
         Punch             |       |       |     5 |     8 |       ||    13
  Throw: Javelin           |       |       |       |       |     2 ||     2
 Invoke: Berserk           |       |       |       |     1 |       ||     1
         Brothers in Arms  |       |       |       |       |     5 ||     5
         Trog's Hand       |       |       |       |       |     2 ||     2
  Evoke: Wand              |       |       |       |       |     3 ||     3
    Use: Scroll            |       |       |    15 |    10 |     1 ||    26
         Potion            |       |       |       |     3 |     1 ||     4
   Stab: Petrified         |       |       |       |     4 |       ||     4
 Armour: Scale mail        |    27 |    44 |    53 |       |       ||   124
         Plate armour      |       |       |    92 |   325 |   442 ||   859
  Dodge: Dodged            |    35 |    71 |   131 |   208 |   357 ||   802
  Block: Kite shield       |       |       |       |   167 |   750 ||   917
